 Dungeon Crawl Stone Soup version 0.26-a0-613-g4f23886233 (webtiles) character file.

Game seed: 10336961434730952059

170 Descartes the Grasshopper (level 5, -2/45 HPs)
             Began as a Naga Warper on Sept 11, 2020.
             Killed by divine providence
             ... invoked by an orc priest
              (13 damage)
             ... on level 4 of the Dungeon.
             The game lasted 00:03:46 (3539 turns).

Descartes the Grasshopper (Naga Warper)             Turns: 3539, Time: 00:03:46

Health: -2/45      AC:  8    Str: 19    XL:     5   Next: 50%
Magic:  9/9        EV:  8    Int: 14    God:
Gold:   247        SH:  0    Dex: 11    Spells: 8/10 levels left

rFire    . . .     SeeInvis +   r - +2 dagger (speed)
rCold    . . .     Faith    .   (no shield)
rNeg     . . .     Spirit   .   y - +0 plate armour
rPois    +         Reflect  .   (no helmet)
rElec    .         Harm     .   h - +0 cloak (curse)
rCorr    .                      (no gloves)
MR       .....                  (no barding)
Stlth    ..........             (no amulet)
HPRegen  0.15/turn              n - +4 ring of evasion
MPRegen  0.11/turn              l - +6 ring of strength

@: brilliant, stab, very slow
A: large, see invisible, deformed body, poison resistance, slowness 2, spit
poison 1, AC +1
a: Spit Poison


You were on level 4 of the Dungeon.
You visited 1 branch of the dungeon, and saw 4 of its levels.

You collected 247 gold pieces.

Inventory:

Hand Weapons
 a - a +0 falchion
 r - a +2 dagger of speed (weapon)
Missiles
 e - 5 boomerangs of dispersal (quivered)
 g - 115 stones
 m - 65 arrows
 q - 2 silver boomerangs
 w - 10 poisoned darts
 A - 7 javelins
Armour
 b - a +0 leather armour
 h - a cursed +0 cloak (worn)
 y - a +0 plate armour (worn)
Jewellery
 l - a +6 ring of strength (right hand)
 n - a +4 ring of evasion (left hand)
 t - an uncursed ring of fire {unknown}
Wands
 x - a wand of disintegration (8)
Scrolls
 c - a scroll of fear {unknown}
 d - 2 scrolls of blinking
 f - a scroll of random uselessness {unknown}
 i - 2 scrolls of noise {unknown}
 k - 3 scrolls of teleportation {unknown}
 p - a scroll of enchant weapon {unknown}
 u - 3 scrolls of identify {unknown}
 z - a scroll of amnesia {unknown}
 B - a scroll of fog {unknown}
Potions
 j - 3 potions of brilliance
 o - a potion of stabbing
 s - a potion of curing {unknown}
 v - a potion of degeneration {unknown}


   Skills:
 - Level 2.0 Fighting
 - Level 2.0 Long Blades
 - Level 0.8 Throwing
 + Level 2.2 Armour
 + Level 2.6 Dodging
 + Level 3.1 Spellcasting
 + Level 3.7 Translocations


You had 8 spell levels left.
You knew the following spells:

 Your Spells              Type           Power        Failure   Level
a - Blink                 Tloc           N/A          95%         2

Your spell library contained the following spells:

 Spells                   Type           Power        Failure   Level
 Gell's Gravitas          Tloc           ###.......   99%         3
 Lesser Beckoning         Tloc           ###.......   99%         3
 Teleport Other           Tloc           ###.....     99%         3
 Passage of Golubria      Tloc           N/A          100%        4


Dungeon Overview and Level Annotations

Branches:
Dungeon (4/15)
 Temple: D:4-7

Altars:
Yredelemnul


Innate Abilities, Weirdness & Mutations

You cannot wear boots.
Your serpentine skin is tough. (AC +1)
You have supernaturally acute eyesight. (SInv)
Armour fits poorly on your strangely shaped body.
Your system is resistant to poisons. (rPois)
You cover ground very slowly.
You can spit poison.


Message History

The orc priest invokes the aid of Beogh against you.
Beogh smites you!
* * * LOW HITPOINT WARNING * * *
The orc wizard gestures wildly while chanting.
The orc wizard seems to speed up.
Things that are here:
a cursed -2 leather armour; an orc corpse It was a potion of brilliance.
You feel clever all of a sudden.
The orc wizard mumbles some strange words.
The orc wizard seems to speed up.
It was a potion of stabbing.
You feel ready to backstab. The orc wizard barely misses you.
You hit the orc priest.
The orc priest is lightly wounded.
The orc wizard hits you but does no damage.
The orc priest mumbles some strange prayers to Beogh against you.
Beogh smites you!
You die...

.##)#....#### §.
.##.#.#### oo .##.#.# .#
.##.#†# .# .##.#.#
##o### .#..#.# #o...#
.#.##.## #+####oo#
.#.....######.#.oo..#
.#.##.........##@#.##
.#............##.#.#
..............##.#.#
...........#..##.#.#
.#....#.......##.#.#
.#............##.#..
.#..........#.##.#######
.#.....................#
.#.###########.#.#####.#


You could see an orc priest, 2 orc wizards and 3 orcs.

Vanquished Creatures
  A bullfrog (D:4)
  4 adders
  An ooze (D:3)
  3 worms
  A dart slug (D:1)
  2 leopard geckos
  2 orcs (D:4)
  4 bats
  5 giant cockroaches
  8 goblins
  2 hobgoblins
  5 jackals
  A ball python (D:3)
  3 frilled lizards
  6 kobolds
  9 rats
57 creatures vanquished.

Notes
Turn   | Place    | Note
-------+----------+-------------------------------------------
     0 | D:1      | Descartes the Naga Warper began the quest for the Orb.
     0 | D:1      | Reached XP level 1. HP: 19/19 MP: 3/3
    35 | D:1      | Reached skill level 1 in Armour
   278 | D:1      | Reached XP level 2. HP: 26/26 MP: 5/5
  1021 | D:1      | Learned a level 2 spell: Blink
  1231 | D:2      | Reached XP level 3. HP: 28/32 MP: 6/6
  2204 | D:2      | Reached XP level 4. HP: 39/39 MP: 7/7
  2312 | D:3      | Found a basalt altar of Yredelemnul.
  3171 | D:4      | Noticed a bullfrog
  3183 | D:4      | Killed a bullfrog
  3183 | D:4      | Reached XP level 5. HP: 36/45 MP: 9/9
  3539 | D:4      | Killed from afar by an orc priest

Illustrated notes

Levels and vault maps discovered:
D:1:      lightli_arrival_maybe_door_vault, layout_loops_ring,
          minmay_pentomino_p2
D:2:      layout_basic
D:3:      layout_loops_cross, yredelemnul_altar_generic
D:4:      layout_basic, minmay_temple_entry_wispy

Skill      XL: |  1  2  3  4 |
---------------+-------------+-----
Armour         | 1 2 |  2.2
Dodging        | 2 |  2.6
Spellcasting   | 3 |  3.1
Fighting       | |  2.0
Long Blades    | |  2.0
Throwing       | |  0.8
Translocations | |  3.7

Action                   |  1- 3 |  4- 6 || total
-------------------------+-------+-------++-------
Melee: Falchion          |    69 |       ||    69
       Dagger            |    17 |   119 ||   136
 Abil: Spit Poison       |     1 |       ||     1
  Use: Potion            |       |     2 ||     2
Armor: Leather armour    |    25 |    13 ||    38
       Plate armour      |       |    16 ||    16
Dodge: Dodged            |    60 |    52 ||   112
       Rpst.: Falchion   |    19 |       ||    19

Table legend: (Time is in decaauts)
 A = Elapsed time spent in this place.
 B = Non-inter-level travel time spent in this place.
 C = Inter-level travel time spent in this place.
 D = Time resting spent in this place.
 E = Time spent auto-exploring this place.
 F = Levels seen in this place.
 G = Mean time per level.
                   A        B        C        D        E       F      G
               +--------+--------+--------+--------+--------+-----+--------+
         Total |   4396 |   4212 |    184 |      0 |   3772 |   4 | 1099.0 |
       Dungeon |   4396 |   4212 |    184 |      0 |   3772 |   4 | 1099.0 |
               +--------+--------+--------+--------+--------+-----+--------+

Top non-repeatable levels by time:
     D:2: 1491 daAuts
     D:1: 1388 daAuts
     D:3: 1026 daAuts
     D:4: 491 daAuts
